[Event "Titled Tuesday Blitz April 4 Late 2023"]
[White "Krallis, Christos"]
[Black "Ai, Evan"]
[WhiteFideId "4298896"]
[BlackFideId "2094770"]
[WhiteElo "2243"]
[BlackElo "1963"]
[Result "1-0"]
[Round "02"]
[TimeControl "180+2"]
[Date "2023.04.04"]
[WhiteClock "0:01:14"]
[BlackClock "0:00:39"]

1. b4 e5 2. Bb2 d6 3. g3 a5 4. b5 Nf6 5. Bg2 c6 6. a4 Be6 7. Nf3 Nbd7 8. O-O Be7 9. Nc3 h6 10. d4 e4 11. Nd2 d5 12. f3 e3 13. Nb3 Nb6 14. Qd3 Nc4 15. Bc1 Qd7 16. g4 h5 17. g5 Bf5 18. Qd1 Nh7 19. f4 f6 20. Nc5 Bxc5 21. dxc5 fxg5 22. Qd4 O-O-O 23. bxc6 bxc6 24. Bxe3 Nxe3 25. Qxe3 d4 26. Qf2 dxc3 27. e4 Bxe4 28. Bxe4 Nf6 29. Bd3 gxf4 30. Rab1 Qd4 31. Ba6+ Kc7 32. Rb7+ Kc8 33. Rb4+ 1-0


[Site "https://www.chess.com"]

[Event "Titled Tuesday Blitz April 4 Late 2023"]
[White "Rasulov, Vugar"]
[Black "Ozalp, Burak"]
[WhiteFideId "13402390"]
[BlackFideId "6314210"]
[WhiteElo "2509"]
[BlackElo "2106"]
[Result "1/2-1/2"]
[Round "02"]
[TimeControl "180+2"]
[Date "2023.04.04"]
[WhiteClock "0:00:57"]
[BlackClock "0:00:25"]

1. e4 e5 2. Nf3 Nc6 3. Bb5 a6 4. Ba4 Nf6 5. Bxc6 dxc6 6. d3 Nd7 7. Nbd2 Bc5 8. Nc4 Qe7 9. h4 f6 10. h5 Nf8 11. Nh4 Bd7 12. a3 O-O-O 13. b4 Bd4 14. Rb1 f5 15. Nxf5 Bxf5 16. exf5 e4 17. Be3 exd3 18. cxd3 b5 19. Na5 Bxe3 20. Nxc6 Qg5 21. Nxd8 Qxg2 22. Rf1 Bd4 23. Nf7 Bc3+ 24. Ke2 Nd7 25. Nxh8 Ne5 26. Rg1 Qf3+ 27. Kf1 Qh3+ 28. Rg2 Qh1+ 29. Ke2 Qxg2 30. Qh1 Qg4+ 31. Kf1 Nf3 32. Rd1 Nd4 33. Rc1 Qe2+ 34. Kg1 Qg4+ 35. Kf1 Qe2+ 36. Kg1 Qg4+ 37. Kf1 1/2-1/2


[Site "https://www.chess.com"]

[Event "Titled Tuesday Blitz April 4 Late 2023"]
[White "Steinberg, Nitzan"]
[Black "Martin Barcelo, Carles"]
[WhiteFideId "2801795"]
[BlackFideId "24561444"]
[WhiteElo "2486"]
[BlackElo "2089"]
[Result "0-1"]
[Round "02"]
[TimeControl "180+2"]
[Date "2023.04.04"]
[WhiteClock "0:00:39"]
[BlackClock "0:00:06"]

1. Nf3 g6 2. g3 Bg7 3. Bg2 c5 4. O-O Nc6 5. c3 d5 6. d4 cxd4 7. cxd4 Nf6 8. Nc3 O-O 9. Ne5 Ng4 10. Nf3 Nf6 11. Bf4 Bf5 12. Ne5 Ng4 13. Nxc6 bxc6 14. Qd2 Nf6 15. Rac1 Ne4 16. Nxe4 Bxe4 17. Rxc6 Qd7 18. Rfc1 Rfc8 19. Rxc8+ Rxc8 20. Rxc8+ Qxc8 21. Bxe4 dxe4 22. Be3 Qa6 23. Qc2 h5 24. b3 e6 25. a4 Bf6 26. h4 Kg7 27. Kf1 Qb7 28. Qc4 Be7 29. Bf4 Kh7 30. Be5 e3 31. f3 g5 32. Qd3+ Kg8 33. Qxe3 f6 34. Bd6 Bxd6 35. Qxe6+ Kg7 36. Qxd6 gxh4 37. gxh4 Qxb3 38. Qd7+ Kh6 39. Qxa7 Qd1+ 40. Kf2 Qh1 41. Qc7 Qxh4+ 42. Ke3 Qe1 43. Qf4+ Kg7 44. Qc7+ Kh6 45. d5 Qg1+ 46. Ke4 Qg6+ 47. Kd4 Qb1 48. Qf4+ Kg7 49. Qc7+ Kg6 50. d6 Qd1+ 51. Kc5 Qc2+ 52. Kb6 Qb3+ 53. Ka5 Qd5+ 54. Kb4 Qd4+ 55. Kb5 Qd5+ 56. Kb6 Qb3+ 57. Ka7 Qxa4+ 58. Kb8 Qb5+ 59. Kc8 Qe8+ 60. Kb7 Qb5+ 61. Qb6 Qd7+ 62. Ka6 Qa4+ 63. Kb7 Qd7+ 64. Kb8 h4 65. Qb1+ Kf7 66. Qb3+ Kg6 67. Qg8+ Kh6 68. Qf8+ Kg6 69. Qe7 Qxe7 0-1


[Site "https://www.chess.com"]

[Event "Titled Tuesday Blitz April 4 Late 2023"]
[White "Liu, Casper"]
[Black "Talibov, Shiroghlan"]
[WhiteFideId "1454153"]
[BlackFideId "13429078"]
[WhiteElo "2221"]
[BlackElo "2224"]
[Result "1-0"]
[Round "02"]
[TimeControl "180+2"]
[Date "2023.04.04"]
[WhiteClock "0:01:36"]
[BlackClock "0:00:05"]

1. e4 c5 2. c3 d6 3. d4 Qc7 4. Nf3 g6 5. Bd3 Bg7 6. h3 Nf6 7. O-O O-O 8. Na3 a6 9. Nc2 b5 10. Re1 Bb7 11. e5 Nd5 12. exd6 exd6 13. Bg5 Nd7 14. Be4 Rfe8 15. dxc5 Rxe4 16. Rxe4 Nxc3 17. bxc3 Bxe4 18. cxd6 Qxc3 19. Rc1 Qc5 20. Be3 Qc4 21. Ncd4 Qxa2 22. Rc7 Nf8 23. d7 Rd8 24. Ne2 Qd5 25. Qxd5 Bxd5 26. Nf4 Bxf3 27. gxf3 Rxd7 28. Rc6 a5 29. Rb6 b4 30. Rb5 a4 31. Rxb4 a3 32. Ra4 Bb2 33. Bc5 Bc1 34. Ra8 Bxf4 35. Bxf8 f6 36. Bd6+ Kf7 37. Bxf4 1-0


[Site "https://www.chess.com"]

[Event "Titled Tuesday Blitz April 4 Late 2023"]
[White "Kravtsiv, Martyn"]
[Black "Redzisz, Michal"]
[WhiteFideId "14113147"]
[BlackFideId "21816107"]
[WhiteElo "2695"]
[BlackElo "2175"]
[Result "1-0"]
[Round "02"]
[TimeControl "180+2"]
[Date "2023.04.04"]
[WhiteClock "0:01:11"]
[BlackClock "0:00:03"]

1. b3 a5 2. Bb2 a4 3. h4 Nf6 4. h5 e6 5. h6 gxh6 6. e4 Bg7 7. Qf3 Nc6 8. Rxh6 e5 9. Rh4 d5 10. exd5 Nxd5 11. Bc4 Qxh4 12. Bxd5 O-O 13. Nc3 a3 14. Bc1 Nd4 15. Qe4 Qxe4+ 16. Bxe4 f5 17. Bd3 e4 18. Bc4+ Kh8 19. Kd1 c6 20. Rb1 b5 21. Bf1 Be6 22. d3 exd3 23. Bxd3 f4 24. Ne4 Bd5 25. f3 Be5 26. Nh3 Ra7 27. c3 Ne6 28. c4 bxc4 29. bxc4 Bxe4 30. Bxe4 Rd7+ 31. Ke1 Bc3+ 32. Ke2 Nd4+ 33. Kf1 Ne6 34. Bxa3 Rd2 35. Bxf8 Nxf8 36. Nxf4 Rxa2 37. Rb8 Kg7 38. Bxc6 Be5 39. Nh5+ Kf7 40. Bd5+ Ke7 41. Rb6 Ng6 42. g3 Ra1+ 43. Kg2 Ra2+ 44. Kh3 Ra1 45. f4 Bd4 46. Re6+ Kd7 47. Nf6+ Bxf6 48. Rxf6 Rd1 49. Kg4 Ne7 50. Rf7 Rd4 51. Rxh7 Kd6 52. Rxe7 Kxe7 53. Kf5 Rd3 54. g4 Re3 55. g5 Kf8 56. Kf6 Re7 57. c5 Rc7 58. c6 Ra7 59. f5 Ra5 60. Ke5 Kg7 61. c7 Rc5 62. Kd6 Rc1 63. Be6 1-0


[Site "https://www.chess.com"]

[Event "Titled Tuesday Blitz April 4 Late 2023"]
[White "Yeletsky, Ivan"]
[Black "marik_spb"]
[WhiteFideId "24180327"]
[WhiteElo "2422"]
[BlackElo "2414"]
[Result "1-0"]
[Round "02"]
[TimeControl "180+2"]
[Date "2023.04.04"]
[WhiteClock "0:00:35"]
[BlackClock "0:00:13"]

1. e4 c6 2. d4 d5 3. Bd3 dxe4 4. Bxe4 Nf6 5. Bf3 Bf5 6. g4 Bg6 7. Nc3 e6 8. h4 h5 9. gxh5 Bxh5 10. Bg5 Bxf3 11. Qxf3 Be7 12. O-O-O Nd5 13. Nh3 Nd7 14. Ne4 N7f6 15. Bxf6 Nxf6 16. Nhg5 Qd5 17. Kb1 Rf8 18. Qe2 O-O-O 19. h5 Nxe4 20. Nxe4 f5 21. Nc3 Qd7 22. Rhe1 Bf6 23. Qc4 Rfe8 24. a3 Kb8 25. Re2 Bxd4 26. Red2 e5 27. Ne2 Qd5 28. Qa4 Qf3 29. Nxd4 exd4 30. Rxd4 Qxd1+ 31. Rxd1 Rxd1+ 32. Ka2 a6 33. Qf4+ Ka8 34. Qxf5 Rd2 35. Qg5 Rxf2 36. Qxg7 Rh2 37. h6 Re4 38. Qg8+ Ka7 39. Qg1+ 1-0


[Site "https://www.chess.com"]

[Event "Titled Tuesday Blitz April 4 Late 2023"]
[White "KorolDimitriy75"]
[Black "Timmermans, Mark"]
[BlackFideId "1026399"]
[WhiteElo "2412"]
[BlackElo "2460"]
[Result "0-1"]
[Round "02"]
[TimeControl "180+2"]
[Date "2023.04.04"]
[WhiteClock "0:00:07"]
[BlackClock "0:01:21"]

1. d4 Nf6 2. c4 e6 3. Nc3 Bb4 4. Qc2 O-O 5. e4 d5 6. cxd5 exd5 7. e5 Ne4 8. Bd3 c5 9. Ne2 Nc6 10. O-O cxd4 11. Nxd5 Qxd5 12. Bxe4 Qxe5 13. Bxh7+ Kh8 14. Bf4 Qf6 15. Be4 Re8 16. Rad1 Bc5 17. Bxc6 Qxc6 18. Nxd4 Bxd4 19. Qxc6 Bxf2+ 20. Rxf2 bxc6 21. h3 Be6 22. b3 a5 23. Bd6 a4 24. bxa4 Rxa4 25. a3 Rd8 26. Rdd2 Bd5 27. Bc5 Rc4 28. Rc2 Re4 29. Rce2 Rde8 30. Rxe4 Rxe4 31. Kh2 Kh7 32. Rb2 Rc4 33. Bd6 f5 34. Rf2 g6 35. Re2 g5 36. Be7 Kg6 37. Bd6 f4 38. Rf2 Kf5 39. g3 Rc1 40. gxf4 g4 41. Kg3 Rc3+ 42. Kh2 Rxh3+ 0-1


[Site "https://www.chess.com"]

[Event "Titled Tuesday Blitz April 4 Late 2023"]
[White "ArtemDyachuk"]
[Black "Castellanos Rodriguez, Renier"]
[BlackFideId "3404650"]
[WhiteElo "2410"]
[BlackElo "2597"]
[Result "0-1"]
[Round "02"]
[TimeControl "180+2"]
[Date "2023.04.04"]
[WhiteClock "0:00:01"]
[BlackClock "0:00:26"]

1. Nf3 c5 2. c4 Nf6 3. Nc3 e6 4. d4 cxd4 5. Nxd4 a6 6. g3 Qc7 7. b3 b5 8. e4 Bb7 9. Bd3 bxc4 10. bxc4 Bb4 11. Bd2 O-O 12. O-O Nc6 13. Nxc6 dxc6 14. Qe2 Bc5 15. e5 Nd7 16. Ne4 Bd4 17. Rab1 Nxe5 18. Ng5 g6 19. Bf4 c5 20. Bxe5 Bxe5 21. Rxb7 Qxb7 22. Qxe5 Qe7 23. Ne4 f6 24. Qxc5 Qxc5 25. Nxc5 Kf7 26. Ne4 Rfd8 27. Be2 Rd4 28. Bf3 Rc8 29. c5 Ke7 30. Rb1 Rc7 31. Rb6 Ra4 32. c6 f5 33. Nc5 Rxa2 34. Rb7 Kd6 35. Nd7 Rxc6 36. Bxc6 Kxc6 37. Ra7 a5 38. Ne5+ Kd5 39. Nf3 e5 40. Rxh7 e4 41. Nh4 e3 42. fxe3 a4 43. Nxg6 a3 44. Re7 Rb2 45. Nf4+ Kc4 46. Ra7 a2 47. h4 Rb1+ 48. Kg2 a1=Q 49. Rxa1 Rxa1 50. h5 Ra6 51. Ng6 Kd5 52. Kf3 Ke6 53. Kf4 Kf6 54. Kf3 Ra1 55. Nf4 Kg5 56. Kg2 Kg4 57. Kf2 Ra2+ 0-1


[Site "https://www.chess.com"]

[Event "Titled Tuesday Blitz April 4 Late 2023"]
[White "Bernat, David"]
[Black "Goltsev, Dmitry"]
[WhiteFideId "2099225"]
[BlackFideId "24176710"]
[WhiteElo "2410"]
[BlackElo "2336"]
[Result "0-1"]
[Round "02"]
[TimeControl "180+2"]
[Date "2023.04.04"]
[WhiteClock "0:00:13"]
[BlackClock "0:00:37"]

1. c4 Nf6 2. Nc3 e5 3. g3 h5 4. h3 h4 5. g4 c6 6. Nf3 e4 7. Nd4 d5 8. cxd5 cxd5 9. Bg2 Nc6 10. Nxc6 bxc6 11. d3 exd3 12. Qxd3 Bc5 13. Bg5 Qd6 14. O-O-O Bxf2 15. Rhf1 Qg3 16. Bxf6 gxf6 17. Bf3 O-O 18. e4 d4 19. Ne2 Be3+ 20. Kb1 Qxh3 21. Nxd4 Bg5 22. Nxc6 Be6 23. Ne7+ Kh8 24. Rh1 Qg3 25. Rdg1 Qe5 26. Nf5 Rfd8 27. Qc3 Qxc3 28. bxc3 Rab8+ 29. Kc2 Bxa2 30. Nxh4 Rd2+ 31. Kc1 Rb1# 0-1


[Site "https://www.chess.com"]

[Event "Titled Tuesday Blitz April 4 Late 2023"]
[White "Korchmar, Vasiliy"]
[Black "Harriott, Tyrell"]
[WhiteFideId "24131750"]
[BlackFideId "2086484"]
[WhiteElo "2370"]
[BlackElo "2107"]
[Result "0-1"]
[Round "02"]
[TimeControl "180+2"]
[Date "2023.04.04"]
[WhiteClock "0:00:05"]
[BlackClock "0:01:12"]

1. e4 e6 2. d4 d5 3. e5 c5 4. c3 Nc6 5. Nf3 f5 6. exf6 Nxf6 7. Bd3 Bd6 8. O-O O-O 9. Re1 Ng4 10. h3 Nxf2 11. Kxf2 Qh4+ 12. Kf1 e5 13. dxe5 Nxe5 14. Be2 d4 15. cxd4 cxd4 16. Nd2 Bxh3 17. Kg1 Qg4 18. Bf1 Qg3 19. Nxe5 Rxf1+ 0-1


[Site "https://www.chess.com"]

[Event "Titled Tuesday Blitz April 4 Late 2023"]
[White "Kilic, Eray"]
[Black "Gatterer, Florian"]
[WhiteFideId "44517173"]
[BlackFideId "811688"]
[WhiteElo "2328"]
[BlackElo "2221"]
[Result "1-0"]
[Round "02"]
[TimeControl "180+2"]
[Date "2023.04.04"]
[WhiteClock "0:01:38"]
[BlackClock "0:00:01"]

1. e4 c5 2. Nf3 e6 3. c3 d5 4. e5 d4 5. Bb5+ Bd7 6. Bxd7+ Qxd7 7. O-O Ne7 8. cxd4 cxd4 9. d3 Nf5 10. Nbd2 Be7 11. Ne4 O-O 12. g4 Nh4 13. Nxh4 Bxh4 14. g5 h6 15. Qh5 hxg5 16. Bxg5 f5 17. exf6 Bxg5 18. Nxg5 gxf6 19. Qg6+ Kh8 20. Qh6+ Kg8 21. Rae1 fxg5 22. Rxe6 Rf7 23. Rfe1 Nc6 24. Rg6+ Rg7 25. Ree6 Ne5 26. Rxg7+ Qxg7 27. Qxg7+ Kxg7 28. Rxe5 Kf6 29. Rd5 Rc8 30. Rxd4 Rc2 31. Rb4 b6 32. Kg2 Rd2 33. d4 Kf5 34. Kf3 g4+ 35. Ke3 Rc2 36. Rb5+ Kf6 37. a3 Rc1 38. Kf4 Rf1 39. Rf5+ Ke6 40. Kxg4 Rg1+ 41. Kf4 Rg2 42. Re5+ Kd6 43. Ke3 Rxh2 44. Rg5 Rh6 45. f4 Re6+ 46. Re5 Rh6 47. Ke4 Rh2 48. Rd5+ 1-0


[Site "https://www.chess.com"]

[Event "Titled Tuesday Blitz April 4 Late 2023"]
[White "Kozelov, Roman"]
[Black "Weetik, Vjacheslav"]
[WhiteFideId "14133377"]
[BlackFideId "4153472"]
[WhiteElo "2149"]
[BlackElo "2469"]
[Result "0-1"]
[Round "02"]
[TimeControl "180+2"]
[Date "2023.04.04"]
[WhiteClock "0:00:12"]
[BlackClock "0:00:10"]

1. e4 c5 2. Nf3 Nc6 3. Bb5 g6 4. O-O Bg7 5. a4 e5 6. d3 Nge7 7. Bd2 O-O 8. Qc1 d5 9. exd5 Qxd5 10. Nc3 Qd8 11. h3 Nd4 12. Nxd4 cxd4 13. Ne4 Be6 14. b3 f5 15. Ng5 Bd5 16. Bc4 Qd7 17. Bb4 Rfe8 18. Re1 Nc6 19. Bd2 h6 20. Nf3 e4 21. dxe4 fxe4 22. Nh4 Bxc4 23. bxc4 g5 24. Bxg5 hxg5 25. Qxg5 Re5 26. Qg3 Rae8 27. Rab1 d3 28. cxd3 exd3 29. Rxe5 Nxe5 30. Kh2 Nxc4 31. Rd1 d2 32. Qb3 Qf7 33. Nf3 Rd8 34. g3 Bh6 35. Kg2 Rf8 36. h4 a5 37. h5 Qxf3+ 38. Qxf3 Rxf3 39. Kxf3 Nb2 40. Rb1 d1=Q+ 41. Rxd1 Nxd1 42. Ke2 Nc3+ 43. Kd3 Nxa4 44. f4 Nc5+ 45. Kc4 Ne4 46. Kd4 Nxg3 47. Ke5 Nxh5 48. f5 a4 0-1


[Site "https://www.chess.com"]

[Event "Titled Tuesday Blitz April 4 Late 2023"]
[White "Manzone, Alessandro"]
[Black "Goncalves, Davi Sulzbacher"]
[WhiteFideId "112488"]
[BlackFideId "2154510"]
[WhiteElo "2255"]
[BlackElo "2182"]
[Result "0-1"]
[Round "02"]
[TimeControl "180+2"]
[Date "2023.04.04"]
[WhiteClock "0:00:18"]
[BlackClock "0:00:12"]

1. d4 Nf6 2. c4 g6 3. Nf3 Bg7 4. g3 O-O 5. Bg2 d5 6. O-O c6 7. Nc3 dxc4 8. e4 b5 9. Qe2 Bb7 10. Rd1 Nbd7 11. Bf4 Qb6 12. b3 Rac8 13. bxc4 b4 14. Na4 Qa5 15. Nb2 c5 16. d5 Nh5 17. e5 Nxf4 18. gxf4 Nb6 19. Kh1 Ba6 20. Rg1 Nxd5 21. Qd2 Nb6 22. Rac1 Rfd8 23. Qe3 Qxa2 24. Ra1 Qxb2 25. Rxa6 Nxc4 26. Qe4 Nd2 27. Nxd2 Rxd2 28. Rxa7 e6 29. Rxf7 Rf8 30. Rxf8+ Bxf8 31. Qc6 Qa2 32. Bh3 Qd5+ 33. Qxd5 exd5 34. Be6+ Kg7 35. f5 Be7 36. f6+ Bxf6 37. exf6+ Kxf6 38. Bg8 b3 39. Bxh7 b2 40. Bxg6 c4 41. Bh7 c3 42. Rg6+ Ke5 43. Rb6 Rxf2 44. Kg1 Rf7 45. Bc2 d4 46. Rb5+ Kf4 47. Rb7 Rxb7 0-1


[Site "https://www.chess.com"]

[Event "Titled Tuesday Blitz April 4 Late 2023"]
[White "Veiga, Jose Francisco R P Neves"]
[Black "Gerbelli Neto, Eduardo"]
[WhiteFideId "1930087"]
[BlackFideId "2103281"]
[WhiteElo "2320"]
[BlackElo "2178"]
[Result "0-1"]
[Round "02"]
[TimeControl "180+2"]
[Date "2023.04.04"]
[WhiteClock "0:01:07"]
[BlackClock "0:01:00"]

1. e4 e5 2. Nf3 Nc6 3. Bb5 a6 4. Ba4 d6 5. O-O Bg4 6. c3 Qf6 7. d3 Ne7 8. Nbd2 Ng6 9. h3 h5 10. Qe1 Nf4 11. Qe3 Bxh3 12. Nh4 Qxh4 13. g3 Qg5 14. Nf3 Qf6 15. gxf4 Qg6+ 16. Ng5 Bxf1 17. f5 Qh6 18. Kxf1 h4 19. d4 Be7 20. Bb3 Bxg5 21. Qxg5 Qxg5 22. Bxg5 exd4 23. cxd4 Nxd4 24. Bd1 f6 25. Be3 Nc6 26. Kg2 h3+ 27. Kh2 Ne5 28. f4 Nc4 29. Bc1 d5 30. Bc2 dxe4 31. Bxe4 Nd6 32. Bc2 O-O-O 33. Be3 Rde8 34. Re1 Nc4 35. Bf2 Rxe1 36. Bxe1 Re8 37. Bd2 Re2+ 0-1


[Site "https://www.chess.com"]

[Event "Titled Tuesday Blitz April 4 Late 2023"]
[White "Celestino, Rafael Teixeira"]
[Black "Cuenca Jimenez, Jose Fernando"]
[WhiteFideId "2108925"]
[BlackFideId "2255570"]
[WhiteElo "2388"]
[BlackElo "2429"]
[Result "1-0"]
[Round "02"]
[TimeControl "180+2"]
[Date "2023.04.04"]
[WhiteClock "0:00:03"]
[BlackClock "0:00:01"]

1. e4 d6 2. d4 Nf6 3. Nc3 e5 4. Nf3 Nbd7 5. Bg5 Be7 6. Qd2 O-O 7. Be2 c6 8. O-O b5 9. a3 a6 10. Rad1 Qc7 11. Rfe1 Re8 12. Nh4 Nf8 13. Nf5 Bxf5 14. exf5 e4 15. Qf4 Nd5 16. Nxd5 cxd5 17. c3 Bxg5 18. Qxg5 Nd7 19. Bf1 Rab8 20. Re3 f6 21. Qh5 Nf8 22. Rde1 Qf7 23. Qg4 Nd7 24. Qg3 Qf8 25. f3 exf3 26. Qxf3 Nb6 27. Qf4 Rxe3 28. Rxe3 Rd8 29. Re6 h6 30. Be2 Na4 31. Bf3 Nxb2 32. Bxd5 Kh8 33. Qg3 Nc4 34. Qg6 Nxa3 35. Bc6 Nc4 36. h4 Rc8 37. Bd7 Rd8 38. h5 a5 39. Bxb5 Nb6 40. c4 a4 41. c5 Nd5 42. Qg4 Nc7 43. Bc4 dxc5 44. Rc6 Ne8 45. dxc5 Qe7 46. Re6 Qc7 47. Kh1 Qd7 48. c6 Qc7 49. Qg6 Nd6 50. Re7 Qxe7 51. Be6 1-0


[Site "https://www.chess.com"]

[Event "Titled Tuesday Blitz April 4 Late 2023"]
[White "Can, Melih Kaan"]
[Black "Annaberdiyev, Meylis"]
[WhiteFideId "6317383"]
[BlackFideId "14000563"]
[WhiteElo "2010"]
[BlackElo "2416"]
[Result "1-0"]
[Round "02"]
[TimeControl "180+2"]
[Date "2023.04.04"]
[WhiteClock "0:00:04"]
[BlackClock "0:00:02"]

1. e4 c5 2. Nf3 e6 3. c3 d5 4. exd5 exd5 5. d4 Nc6 6. Be2 Bd6 7. dxc5 Bxc5 8. O-O Nge7 9. Nbd2 O-O 10. Nb3 Bb6 11. Nfd4 Ne5 12. Bf4 N5g6 13. Bg3 f5 14. f4 Nc6 15. Kh1 Qf6 16. Bf3 Rd8 17. Re1 Nce7 18. Qd2 Bd7 19. a4 a6 20. a5 Ba7 21. Bf2 Qd6 22. g3 Nf8 23. Kg2 Kh8 24. Nc1 Ng8 25. Nd3 Nf6 26. Ne5 Kg8 27. Nb3 Bxf2 28. Qxf2 Bc6 29. Qd4 Ne6 30. Qd2 Ne4 31. Qe3 g5 32. Nd3 gxf4 33. Nxf4 Nxf4+ 34. Qxf4 Qxf4 35. gxf4 Kf7 36. Bxe4 fxe4 37. Nd4 Kf6 38. Kf2 Rg8 39. Rg1 Rg6 40. Rg3 Rf8 41. Ke3 Be8 42. Rag1 Ke7 43. Rg5 Kd6 44. b4 Bf7 45. h4 Rf6 46. f5 Be8 47. Kf4 Bd7 48. h5 1-0


[Site "https://www.chess.com"]

[Event "Titled Tuesday Blitz April 4 Late 2023"]
[White "Hamitevici, Vladimir"]
[Black "Perez Rodriguez, Jennifer"]
[WhiteFideId "13902393"]
[BlackFideId "3507831"]
[WhiteElo "2401"]
[BlackElo "2116"]
[Result "1/2-1/2"]
[Round "02"]
[TimeControl "180+2"]
[Date "2023.04.04"]
[WhiteClock "0:00:04"]
[BlackClock "0:00:11"]

1. c4 e6 2. d4 d5 3. Nf3 c6 4. Qc2 Nf6 5. g3 Nbd7 6. Bg2 g6 7. O-O Bg7 8. b3 O-O 9. Nc3 b6 10. Ba3 Re8 11. Nd2 Bb7 12. e4 dxe4 13. Ndxe4 Nxe4 14. Nxe4 Bxd4 15. Rad1 c5 16. Nd6 Bxg2 17. Kxg2 Re7 18. Nb5 e5 19. Nxd4 exd4 20. Bc1 Qc7 21. Bf4 Qc6+ 22. Kg1 Ne5 23. Bxe5 Rxe5 24. Qd2 Rae8 25. Qf4 Kg7 26. h4 h5 27. b4 Re4 28. Qd2 Qe6 29. bxc5 bxc5 30. Qa5 Qxc4 31. Rc1 Qe2 32. Rxc5 d3 33. Qc3+ Kg8 34. Rd5 Rxh4 35. Qxd3 Qxd3 36. Rxd3 Ra4 37. a3 Re6 38. Rc1 Re2 39. Rc8+ Kg7 40. Rc7 Ra5 41. Rf3 Rf5 42. Rxf5 gxf5 43. Rxa7 Kg6 44. Ra4 Kf6 45. Rf4 Ke5 46. Kg2 Ra2 47. a4 Ra3 48. Kh3 Kf6 49. Kg2 Ke5 50. Rb4 Kf6 51. f4 Kg6 52. Kh3 Ra1 53. Rc4 Rh1+ 54. Kg2 Ra1 55. Rc6+ f6 56. Ra6 h4 57. gxh4 Kh5 58. Rxf6 Kg4 59. Rg6+ Kxf4 60. h5 Ra2+ 61. Kh3 Ra3+ 62. Kh4 Rxa4 63. h6 Ra1 64. Kh3 Rh1+ 65. Kg2 Rh5 66. Kf2 Ke4 67. Kg3 f4+ 68. Kg4 Rh1 69. Re6+ Kd5 70. Ra6 Ke4 71. Ra4+ Ke5 72. Ra5+ Ke4 73. Ra6 f3 74. Re6+ Kd5 75. Rf6 Ke4 76. Rf4+ Ke5 77. Rxf3 Rxh6 78. Rf5+ Ke6 79. Rg5 Rh1 80. Rh5 Rg1+ 81. Kf3 Rf1+ 82. Kg2 Rf6 83. Rg5 Rf5 84. Rxf5 Kxf5 1/2-1/2


[Site "https://www.chess.com"]

[Event "Titled Tuesday Blitz April 4 Late 2023"]
[White "Gold_Ocean"]
[Black "Skaric, Djuro"]
[BlackFideId "934569"]
[WhiteElo "2616"]
[BlackElo "2282"]
[Result "0-1"]
[Round "02"]
[TimeControl "180+2"]
[Date "2023.04.04"]
[WhiteClock "0:02:00"]
[BlackClock "0:01:27"]

1. Nf3 d6 2. b3 Nf6 3. Bb2 Nbd7 4. g3 g6 5. Bg2 Bg7 6. O-O O-O 7. d3 e5 8. e4 c5 9. Nbd2 b5 10. Qe2 Bb7 11. h3 Rb8 12. Rfe1 a5 13. Nf1 Nb6 14. Rad1 a4 15. Ne3 b4 16. Nh2 a3 17. Bc1 Ne8 18. Nc4 Kh8 19. f4 Nd7 20. Rf1 f5 21. Nf3 exf4 22. Bxf4 fxe4 23. dxe4 Ndf6 24. Nxd6 Nxd6 25. Bxd6 Nxe4 26. Bxf8 Qxf8 27. Ng5 Qe7 28. Nxe4 Re8 29. Rde1 Bd4+ 30. Kh1 Qd7 31. Qg4 Qe7 32. Qg5 Qd7 33. Nf6 Qxh3# 0-1


[Site "https://www.chess.com"]

[Event "Titled Tuesday Blitz April 4 Late 2023"]
[White "Zeman, Matyas"]
[Black "Munoz, Francisco Javier"]
[WhiteFideId "364398"]
[BlackFideId "128368"]
[WhiteElo "2254"]
[BlackElo "2383"]
[Result "1-0"]
[Round "02"]
[TimeControl "180+2"]
[Date "2023.04.04"]
[WhiteClock "0:00:27"]
[BlackClock "0:00:17"]

1. d4 d5 2. Bf4 e6 3. e3 Nf6 4. Nd2 Bd6 5. Bg3 O-O 6. c3 c5 7. Ngf3 Nc6 8. Bd3 b6 9. e4 dxe4 10. Nxe4 Nxe4 11. Bxe4 Bb7 12. dxc5 Bxc5 13. Qa4 Rc8 14. Rd1 Qe7 15. O-O f5 16. Bb1 Rfd8 17. Rfe1 Rxd1 18. Qxd1 a5 19. Bxf5 Rf8 20. Bxe6+ Kh8 21. Bd5 Qf6 22. Qa4 Nd8 23. Bxb7 Nxb7 24. Re8 Nd6 25. Bxd6 Bxd6 26. Rxf8+ Qxf8 27. Qd7 Bc5 28. h4 h6 29. h5 Qf4 30. Qe8+ Kh7 31. Qg6+ Kg8 32. Qe8+ Kh7 33. Qe2 Qc1+ 34. Kh2 Qf4+ 35. g3 Qg4 36. Qd3+ Kg8 37. Qd5+ Kh7 38. Kg2 Qc8 39. Ne5 Qe8 40. Qe4+ Kg8 41. Qf5 Qf8 42. Qxf8+ Kxf8 43. Nd7+ Ke7 44. Nxc5 bxc5 45. Kf3 Kd6 46. Ke4 Kc6 47. c4 Kd6 48. Kf5 Ke7 49. Kg6 Kf8 50. g4 Kg8 51. Kf5 Kf7 52. Ke5 g6 53. hxg6+ Kxg6 54. f4 h5 55. gxh5+ Kxh5 56. f5 Kg5 57. Ke6 Kf4 58. f6 Ke4 59. f7 Kd4 60. f8=Q Kxc4 61. Qf3 Kb4 62. a3+ Ka4 63. Qc3 c4 64. Qxc4# 1-0


[Site "https://www.chess.com"]

[Event "Titled Tuesday Blitz April 4 Late 2023"]
[White "Figorito, Nick"]
[Black "Gontcharov, Vladislav"]
[WhiteFideId "30923689"]
[BlackFideId "4123492"]
[WhiteElo "2369"]
[BlackElo "2420"]
[Result "1/2-1/2"]
[Round "02"]
[TimeControl "180+2"]
[Date "2023.04.04"]
[WhiteClock "0:00:11"]
[BlackClock "0:00:05"]

1. Nf3 Nf6 2. g3 c5 3. Bg2 Nc6 4. d4 cxd4 5. Nxd4 g6 6. O-O Bg7 7. c4 O-O 8. Nc2 d6 9. Nc3 Qa5 10. Qd2 Qh5 11. Qg5 Qxg5 12. Bxg5 Be6 13. b3 h6 14. Bd2 Rfc8 15. Rac1 Rab8 16. Rfd1 a6 17. Be1 b5 18. cxb5 axb5 19. Ne3 Nb4 20. a3 Na6 21. Ncd5 Nxd5 22. Nxd5 Bxd5 23. Rxc8+ Rxc8 24. Bxd5 Rc2 25. Bd2 Nc5 26. b4 Na4 27. Bb3 Rb2 28. Bxa4 bxa4 29. Kf1 Kf8 30. Bc1 Rb1 31. Ke1 Ke8 32. Be3 Bc3+ 33. Bd2 Bxd2+ 34. Kxd2 Rb3 35. Ra1 Kd7 36. h4 h5 37. e3 d5 38. Ra2 e5 39. Ra1 Kd6 40. Ra2 f5 41. Ra1 d4 42. exd4 exd4 43. Ra2 Kd5 44. Ra1 Ke4 45. Ke2 d3+ 46. Kd2 Kf3 47. Re1 Kxf2 48. Re6 Rxa3 49. Rxg6 Rb3 50. b5 Rxb5 51. Kxd3 Ra5 52. Kc2 a3 53. Kb1 a2+ 54. Ka1 Kf3 55. Rg5 Ke3 56. Rxh5 Ke4 57. g4 Rd5 58. Rxf5 Rxf5 59. gxf5 Kxf5 60. Kxa2 Kg4 61. h5 Kxh5 1/2-1/2


[Site "https://www.chess.com"]

[Event "Titled Tuesday Blitz April 4 Late 2023"]
[White "Ansh M Shah"]
[Black "Mirimanian, Hayk"]
[WhiteFideId "25033379"]
[BlackFideId "4700180"]
[WhiteElo "2084"]
[BlackElo "2280"]
[Result "0-1"]
[Round "02"]
[TimeControl "180+2"]
[Date "2023.04.04"]
[WhiteClock "0:01:04"]
[BlackClock "0:00:30"]

1. d4 d5 2. c4 c6 3. cxd5 cxd5 4. Nc3 e5 5. dxe5 d4 6. Ne4 Nc6 7. Nf3 Bf5 8. Ng3 Bg6 9. Bf4 Bb4+ 10. Bd2 Nge7 11. Bxb4 Nxb4 12. Rc1 O-O 13. a3 Nbc6 14. h4 Nf5 15. Nxf5 Bxf5 16. g3 Qb6 17. Qd2 Rad8 18. Bg2 d3 19. O-O dxe2 20. Qxe2 Bd3 21. Qe1 Qxb2 22. Ng5 Nxe5 23. Be4 h6 24. Nf3 Bxf1 25. Nxe5 Ba6 26. Rb1 Qxa3 27. Bc2 Qa2 28. Qe4 f5 0-1


[Site "https://www.chess.com"]

[Event "Titled Tuesday Blitz April 4 Late 2023"]
[White "Andrej2004"]
[Black "Buchenau, Frank"]
[BlackFideId "4604350"]
[WhiteElo "2549"]
[BlackElo "2157"]
[Result "1-0"]
[Round "02"]
[TimeControl "180+2"]
[Date "2023.04.04"]
[WhiteClock "0:01:20"]
[BlackClock "0:00:01"]

1. g3 e5 2. Bg2 Nf6 3. c4 c6 4. Nc3 d5 5. cxd5 cxd5 6. d3 Nc6 7. Bg5 d4 8. Ne4 Bb4+ 9. Kf1 Be7 10. Nxf6+ Bxf6 11. Bxf6 Qxf6 12. Qa4 O-O 13. Rc1 Bd7 14. Nf3 Rfe8 15. Nd2 Rac8 16. h3 Qe7 17. Qd1 f5 18. Bd5+ Be6 19. Bxe6+ Qxe6 20. Qb3 Qxb3 21. Nxb3 Nb4 22. Kg2 Nxa2 23. Ra1 Nb4 24. Rxa7 Rc2 25. Rxb7 Rxb2 26. Rxb4 Rc8 27. Ra1 Rxe2 28. Ra7 h6 29. Rbb7 Rcc2 30. Rxg7+ Kh8 31. Rh7+ Kg8 32. g4 Rxf2+ 33. Kg3 Rg2+ 34. Kh4 fxg4 35. Rhb7 Rc8 36. Rg7+ 1-0


[Site "https://www.chess.com"]